 Dungeon Crawl Stone Soup version 0.28-a0-793-g31680bbd8b (webtiles) character file.

Game seed: 4625238893526457939

3017 bande the Cleaver (level 9, -1/56 HPs)
             Began as a Gargoyle Fighter on Nov 5, 2021.
             Was a Follower of Okawaru.
             Slain by a two-headed ogre (17 damage)
             ... on level 8 of the Dungeon.
             The game lasted 00:14:49 (10583 turns).

bande the Cleaver (Gargoyle Fighter)               Turns: 10583, Time: 00:14:50

Health: -1/56      AC: 22    Str: 22    XL:     9   Next: 85%
Magic:  9/9        EV:  6    Int:  8    God:    Okawaru [*.....]
Gold:   1221       SH:  5    Dex: 11    Spells: 8/8 levels left

rFire   . . .      SeeInvis .   a - +1 war axe (venom)
rCold   . . .      Faith    .   c - +0 buckler
rNeg    + . .      Spirit   .   q - +0 plate armour
rPois   ∞          Reflect  .   (no helmet)
rElec   +          Harm     .   y - +1 cloak
rCorr   .          Rampage  .   (no gloves)
Will    .....                   (no boots)
Stlth   ..........              (no amulet)
HPRegen 0.18/turn               (no ring)
MPRegen 0.11/turn               (no ring)

@: marked
A: sickness immunity, AC +6, negative energy resistance 1, electricity
resistance, torment resistance 1, petrification resistance
a: Renounce Religion, Heroism


You were on level 8 of the Dungeon.
You worshipped Okawaru.
Okawaru was aware of your devotion.
You visited 2 branches of the dungeon, and saw 9 of its levels.

You collected 1221 gold pieces.

Inventory:

Hand Weapons
 a - a +1 war axe of venom (weapon)
 l - a +0 flail
Armour
 c - a +0 buckler (worn)
 q - a +0 plate armour (worn)
 y - a +1 cloak (worn)
Jewellery
 w - an amulet of reflection
Wands
 t - a wand of mindburst (12)
Scrolls
 m - a scroll of enchant weapon
 n - 2 scrolls of teleportation
 r - a scroll of blinking
 u - a scroll of brand weapon
 x - a scroll of noise {unknown}
Potions
 b - 2 potions of degeneration {unknown}
 d - 2 potions of might
 e - 6 potions of curing
 f - 3 potions of heal wounds {unknown}
 g - a potion of resistance {unknown}
 h - 3 potions of haste {unknown}
 i - 2 potions of flight
 j - 2 potions of lignification {unknown}
 k - a potion of ambrosia {unknown}
 o - a potion of mutation {unknown}
 p - 3 potions of brilliance {unknown}
 s - a potion of berserk rage {unknown}
 v - 2 potions of attraction {unknown}


   Skills:
 + Level 6.3 Fighting
 + Level 8.3 Axes
 + Level 7.4 Armour
 + Level 5.1 Shields
 * Level 4.2 Evocations


You had 8 spell levels left.
You didn't know any spells.
Your spell library contained the following spells:

 Spells                   Type           Power      Damage    Failure   Level
 Ozocubu's Armour         Ice            0%         N/A       100%        3
 Metabolic Englaciation   Hex/Ice        0%         N/A       100%        5
 Simulacrum               Ice/Necr       Unusable   N/A       N/A         6

Dungeon Overview and Level Annotations

Branches:
Dungeon (8/15)             Temple (1/1) D:6
   Lair: D:8-11

Altars:
Ashenzari
Cheibriados
Dithmenos
Fedhas
Gozag
Hepliaklqana
Kikubaaqudgha
Makhleb
Nemelex Xobeh
Okawaru
Qazlal
Ru
Sif Muna
Trog
Uskayaw
Vehumet
Wu Jian
Xom
Yredelemnul
Zin
The Shining One

Shops:
D:1 =   D:4 [

Annotations:
D:8 Joseph


Innate Abilities, Weirdness & Mutations

You are immune to sickness and miasma.
Your stone body is resilient. (AC +6)
You are immune to poison.
You resist negative energy. (rN+)
You are resistant to electric shocks. (rElec)
You are resistant to unholy torment.
You are immune to petrification.


Message History

You kill the kobold!
You slash the kobold!
You kill the kobold!
The kobold brigand hits you but does no damage.
You hit the kobold brigand but do no damage.
The kobold brigand is moderately wounded.
The kobold brigand hits you with a +0 short sword of venom.
You hit the kobold brigand.
The kobold brigand is moderately wounded.
You block the kobold brigand's attack.
You slash the kobold brigand!
The kobold brigand is severely wounded.
The kobold brigand hits you but does no damage.
You hit the kobold brigand.
The kobold brigand is almost dead.
The kobold brigand hits you but does no damage.
A two-headed ogre comes into view.
It is wielding a +0 great mace and a +0 giant club.
You hit the kobold brigand but do no damage.
The kobold brigand is almost dead.
You block the kobold brigand's attack.
You barely miss the kobold brigand.
The kobold brigand is almost dead.
You kill the kobold brigand!
Okawaru accepts your kill.
Things that are here:
a +0 short sword of venom; 3 poisoned darts Joseph, a Mercenary comes into view.
He is wielding a +0 quarterstaff.
The two-headed ogre hits you with a +0 great mace.
The two-headed ogre barely misses you.
Joseph unwields a +0 quarterstaff.
Joseph wields a +0 hunting sling.
Joseph shoots a sling bullet.
The sling bullet hits you.
You slash the two-headed ogre!
The two-headed ogre is poisoned.
The two-headed ogre is moderately wounded.
The two-headed ogre hits you with a +0 great mace.
The two-headed ogre hits you with a +0 giant club!
* * * LOW HITPOINT WARNING * * *
You hit the two-headed ogre.
The two-headed ogre is moderately wounded.
The two-headed ogre hits you with a +0 great mace!
You die...

...... ......
...... ......#
.......##
........###
.......<..#
..........##
.[.....).@.#####
.........O.....#
...<.......##....
.......))@## #..
......)))## .
.##.....##
#...... ........
..........


You could see Joseph and a two-headed ogre (very poisoned).

Vanquished Creatures
  Harold (D:8)
  A water moccasin (D:5)
  An ice beast (D:6)
  A sky beast (D:7)
  2 ogres
  2 necrophages (D:6)
  3 centaurs
  3 phantoms
  A kobold brigand (D:8)
  A bullfrog (D:8)
  A gnoll sergeant (D:7)
  3 scorpions
  3 wights (D:6)
  4 howler monkeys
  4 hounds
  A centaur zombie (D:6)
  3 orc priests (D:6)
  A centaur skeleton (D:6)
  An iguana (D:5)
  3 orc wizards
  A killer bee zombie (D:7)
  A hound skeleton (D:4)
  11 gnolls
  3 adders
  2 shadow imps
  An ufetubus (D:6)
  An adder skeleton (D:4)
  4 dart slugs
  18 orcs
  3 bats
  6 endoplasms
  10 giant cockroaches
  7 goblins
  9 hobgoblins
  3 jackals (D:4)
  6 quokkas
  10 ball pythons
  3 frilled lizards
  12 kobolds
  5 rats
156 creatures vanquished.

Vanquished Creatures (others)
  A plant (D:4)
1 creature vanquished.

Grand Total: 157 creatures vanquished

Notes
Turn   | Place    | Note
-------+----------+-------------------------------------------
     0 | D:1      | bande the Gargoyle Fighter began the quest for the Orb.
     0 | D:1      | Reached XP level 1. HP: 14/14 MP: 1/1
   133 | D:1      | Reached XP level 2. HP: 17/19 MP: 2/2
   303 | D:1      | Found a faded altar of an unknown god.
   360 | D:1      | Reached skill level 2 in Axes
   675 | D:1      | Reached XP level 3. HP: 22/24 MP: 3/3
   743 | D:1      | Found Tyuxes's Jewellery Boutique.
  1365 | D:2      | Found a hazy altar of Hepliaklqana.
  2076 | D:1      | Reached XP level 4. HP: 29/29 MP: 4/4
  2981 | D:2      | Reached skill level 3 in Axes
  3471 | D:3      | Reached XP level 5. HP: 21/33 MP: 5/5
  3688 | D:3      | Identified a scroll of acquirement
  3688 | D:3      | Acquired 915 gold pieces
  4573 | D:4      | Found a snail-covered altar of Cheibriados.
  4579 | D:4      | Found a shimmering blue altar of Sif Muna.
  4650 | D:4      | Noticed a phantom
  4656 | D:4      | Killed a phantom
  4657 | D:4      | Reached skill level 4 in Axes
  4657 | D:4      | Reached XP level 6. HP: 30/38 MP: 6/6
  5069 | D:4      | Found Hioxzuch's Armour Boutique.
  5429 | D:5      | Entered Level 5 of the Dungeon
  5513 | D:5      | Reached skill level 5 in Armour
  5525 | D:5      | Noticed a water moccasin
  5983 | D:5      | Reached XP level 7. HP: 44/44 MP: 7/7
  6058 | D:5      | Reached skill level 5 in Axes
  7120 | D:5      | Reached skill level 1 in Evocations
  7158 | D:5      | Reached XP level 8. HP: 10/48 MP: 8/8
  7897 | D:6      | Reached skill level 6 in Axes
  8068 | D:6      | Reached skill level 5 in Fighting
  8254 | D:6      | Found a shadowy altar of Dithmenos.
  8579 | D:6      | Found a staircase to the Ecumenical Temple.
  8619 | D:6      | Reached skill level 7 in Axes
  8823 | D:6      | Reached XP level 9. HP: 43/54 MP: 9/9
  9012 | D:6      | Found a sparkling altar of Nemelex Xobeh.
  9303 | Temple   | Entered the Ecumenical Temple
  9310 | Temple   | Became a worshipper of Warmaster Okawaru
  9730 | D:7      | Found a glowing silver altar of Zin.
  9730 | D:7      | Noticed an angel
  9732 | D:7      | Found a shimmering altar of Xom.
 10545 | D:8      | Noticed Harold
 10561 | D:8      | Killed Harold
 10561 | D:8      | Reached * piety under Okawaru
 10562 | D:8      | Reached skill level 8 in Axes
 10562 | D:8      | Reached skill level 5 in Shields
 10574 | D:8      | Noticed a two-headed ogre
 10579 | D:8      | Noticed Joseph
 10583 | D:8      | Slain by a two-headed ogre

Illustrated notes

Levels and vault maps discovered:
D:1:      heliophobic_arrival_dark_side_of_the_moon, layout_loops_cross,
          shapermc_ecumenical_altar_flowoftime, serial_shops, shop
D:2:      layout_basic, basic_altar, kennysheep_generic_room_4
D:3:      layout_basic, nrook_mini_vaults
D:4:      layout_rooms, general_overflow_altar, mainiacjoe_overflow_24_doors,
          serial_shops, nicolae_shop_crystal, hangedman_decor_opposing,
          chequers_serial_rivers_large_a, skrybe_limestone_x,
          serial_bayou_pond_c, eino_small_chamber_without_monster
D:5:      layout_basic
D:6:      layout_loops_ring, lemuel_coloured_pillars_altar, lemuel_doored_altar,
          minmay_temple_entry_mist, roderic_lattice_a
D:7:      layout_cave_pods, grunt_temple_overflow_order_and_chaos_1
D:8:      layout_cave_pools, nicolae_overflow_crystal_walls, uniq_joseph,
          uniq_harold
Temple:   nicolae_temple_no_exploring_needed

Skill      XL: |  1  2  3  4  5  6  7  8  9 |
---------------+----------------------------+-----
Axes           | 2 3 4 5 7 8 |  8.3
Armour         | 4 5 6 7 |  7.4
Fighting       | 4 5 6 |  6.3
Shields        | 4 5 |  5.1
Evocations     | 1 3 4 |  4.2

Action                   |  1- 3 |  4- 6 |  7- 9 || total
-------------------------+-------+-------+-------++-------
Melee: War axe           |   118 |   208 |   251 ||   577
  Use: Scroll            |     6 |     2 |     2 ||    10
Armor: Scale mail        |    55 |       |       ||    55
       Chain mail        |    21 |    71 |       ||    92
       Plate armour      |       |    83 |   161 ||   244
Dodge: Dodged            |    59 |    86 |    82 ||   227
Block: Buckler           |    30 |    46 |    70 ||   146

Table legend: (Time is in decaauts)
 A = Elapsed time spent in this place.
 B = Non-inter-level travel time spent in this place.
 C = Inter-level travel time spent in this place.
 D = Time resting spent in this place.
 E = Time spent auto-exploring this place.
 F = Levels seen in this place.
 G = Mean time per level.
                   A        B        C        D        E       F      G
               +--------+--------+--------+--------+--------+-----+--------+
         Total |  10767 |  10322 |    445 |   2684 |   6072 |   9 | 1196.3 |
       Dungeon |  10753 |  10308 |    445 |   2684 |   6072 |   8 | 1344.1 |
        Temple |     14 |     14 |      0 |      0 |      0 |   1 |   14.0 |
               +--------+--------+--------+--------+--------+-----+--------+

Top non-repeatable levels by time:
     D:4: 1891 daAuts
     D:5: 1793 daAuts
     D:2: 1620 daAuts
     D:6: 1508 daAuts
     D:1: 1479 daAuts
     D:3: 1245 daAuts
     D:7: 1159 daAuts
     D:8: 54 daAuts
  Temple: 14 daAuts
